 Dungeon Crawl Stone Soup version 0.30-a0-883-g5ad918d (webtiles) character file.

Game seed: 17874404542776076195

43 Illumine the Sneak (level 3, 0/29 HPs)
             Began as a Human Delver on Mar 16, 2023.
             Slain by a hobgoblin (1 damage)
             ... on level 3 of the Dungeon.
             The game lasted 00:03:01 (629 turns).

Illumine the Sneak (Human Delver)                    Turns: 629, Time: 00:03:01

Health: 0/29       AC:  3    Str: 12    XL:     3   Next: 82%
Magic:  3/3        EV: 11    Int: 10    God:
Gold:   21         SH:  6    Dex: 16    Spells: 2/2 levels left

rFire   . . .      SeeInvis .    a - +0 falchion
rCold   . . .      Faith    .    j - +2 buckler
rNeg    . . .      Spirit   .    b - +0 leather armour
rPois   .          Reflect  .    (no helmet)
rElec   .          Rampage  .    (no cloak)
rCorr   .                        (no gloves)
Will    .....                    (no boots)
Stlth   +++                      (no amulet)
HPRegen 0.24/turn                (no ring)
MPRegen 0.08/turn                (no ring)

@: lethally poisoned (0 -> -2), invisible
A: no striking features
a: no special abilities


You were on level 3 of the Dungeon.
You visited 1 branch of the dungeon, and saw 3 of its levels.

You collected 21 gold pieces.

Inventory:

Hand Weapons
 a - a +0 falchion (weapon)
 f - the +4 mace "Suxa" {pain, Will++ SInv}
   (You found it on level 5 of the Dungeon)

   SInv:      It lets you see invisible.
   Will:      It greatly increases your willpower.
Armour
 b - a +0 leather armour (worn)
 j - a +2 buckler (worn)
Jewellery
 i - an amulet of faith
Wands
 g - a wand of digging (2)
Scrolls
 c - a scroll of fog
 h - a scroll of blinking {unknown}
 k - a scroll of amnesia {unknown}
 l - a scroll of identify {unknown}


   Skills:
 + Level 3.4 Fighting
 * Level 3.0 Long Blades
 - Level 2.0 Dodging
 - Level 5.0 Stealth
 + Level 1.2 Shields


You had 2 spell levels left.
You didn't know any spells.
Your spell library was empty.

Dungeon Overview and Level Annotations

Branches:
Dungeon (5/15)             Temple (0/1) D:4

Altars:

Annotations:
D:5 Blork the orc


Message History

The adder closely misses you. The hobgoblin closely misses you.
Unknown command.
You hit the adder but do no damage.
The adder is severely wounded.
A bat comes into view.
The hobgoblin hits you but does no damage.
The adder hisses angrily.
Unknown command.
You completely miss the adder.
The adder is severely wounded.
You block the adder's attack.
The hobgoblin hits you but does no damage.
Unknown command.
You hit the adder but do no damage.
The adder is severely wounded.
The adder closely misses you. The hobgoblin barely misses you.
You block the dart slug's attack. The adder bites you but does no damage.
Unknown command.
You closely miss the adder.
The adder is severely wounded.
The hobgoblin hits you but does no damage.
The adder closely misses you.
Unknown command.
You hit the adder.
The adder is almost dead.
You block the hobgoblin's attack. You block the adder's attack.
The adder bites you.
* * * LOW HITPOINT WARNING * * *
You are lethally poisoned!
The adder poisons you! The hobgoblin barely misses you.
You closely miss the adder.
The adder is almost dead.
* * * LOW HITPOINT WARNING * * *
You feel sick. The adder barely misses you. You block the hobgoblin's attack.
Unknown command.
You hit the adder.
You kill the adder!
* * * LOW HITPOINT WARNING * * *
You feel sick. The hobgoblin hits you.
You die...

##. #.....
...##....#
.....#..######
.............
#...........
#(..........
#.w..b.....
#.†@g......
#######.... .


You could see a dart slug (unable to see you), a hobgoblin (unable to see you)
and a bat (wandering).

Vanquished Creatures
  A hound (D:3)
  2 adders
  An endoplasm (D:4)
  A hobgoblin (D:4)
5 creatures vanquished.

Vanquished Creatures (others)
  6 plants (D:4)
6 creatures vanquished.

Grand Total: 11 creatures vanquished

Notes
Turn   | Place    | Note
-------+----------+-------------------------------------------
     0 | D:5      | Illumine the Human Delver began the quest for the Orb.
     0 | D:5      | Reached XP level 1. HP: 18/18 MP: 1/1
    79 | D:5      | Noticed an iguana
   139 | D:4      | Found a staircase to the Ecumenical Temple.
   140 | D:4      | Noticed a hound
   193 | D:4      | Noticed a sleepcap
   328 | D:5      | Noticed an iguana
   346 | D:5      | Noticed Blork the orc
   370 | D:5      | Identified the +4 mace "Suxa" {pain, Will++ SInv}
   477 | D:4      | Noticed a hound
   542 | D:4      | Reached XP level 2. HP: 12/24 MP: 2/2
   621 | D:3      | Reached skill level 1 in Shields
   621 | D:3      | Reached XP level 3. HP: 2/29 MP: 3/3
   629 | D:3      | HP: 1/29 [poisoned by an adder]
   629 | D:3      | Slain by a hobgoblin

Illustrated notes

Levels and vault maps discovered:
D:3:      layout_rooms, hangedman_feature_mirror
D:4:      layout_layer_cave, grunt_temple_overflow_open,
          minmay_temple_entry_trees, serial_bayou_pond_b
D:5:      layout_basic, overflow_temple_1_default, grunt_decor_clamped,
          uniq_blork_the_orc

Skill      XL: |  1  2 |
---------------+-------+-----
Long Blades    | 3 |  3.0
Shields        | 1 |  1.2
Fighting       | |  3.4
Dodging        | |  2.0
Stealth        | |  5.0

Action                     || total
---------------------------++-------
  Melee: Falchion          ||    23
  Evoke: Wand              ||     1
    Use: Scroll            ||     2
         Potion            ||     3
   Stab: Sleeping          ||     2
 Armour: Leather armour    ||    11
  Dodge: Dodged            ||    27
  Block: Buckler           ||    15

Table legend: (Time is in decaauts)
 A = Elapsed time spent in this place.
 B = Non-inter-level travel time spent in this place.
 C = Inter-level travel time spent in this place.
 D = Time resting spent in this place.
 E = Time spent auto-exploring this place.
 F = Levels seen in this place.
 G = Mean time per level.
                   A        B        C        D        E       F      G
               +--------+--------+--------+--------+--------+-----+--------+
         Total |    616 |    616 |      0 |     90 |    140 |   3 |  205.3 |
       Dungeon |    616 |    616 |      0 |     90 |    140 |   3 |  205.3 |
               +--------+--------+--------+--------+--------+-----+--------+

Top non-repeatable levels by time:
     D:4: 454 daAuts
     D:5: 141 daAuts
     D:3: 20 daAuts
